 Dungeon Crawl Stone Soup version 0.28-a0-1227-ga9037bb4c8 (webtiles) character file.

Game seed: 11684521859072905415

18 bearlyready the Magician (level 2, -7/21 HPs)
             Began as a Djinni Fire Elementalist on Dec 23, 2021.
             Mangled by Terence (9 damage)
             ... on level 2 of the Dungeon.
             The game lasted 00:01:25 (1346 turns).

bearlyready the Magician (Djinni Fire Elementalist) Turns: 1346, Time: 00:01:26

Health: -7/21      AC:  2    Str:  7    XL:     2   Next: 85%
Gold:   44         EV: 12    Int: 16    God:
                   SH:  0    Dex: 13

rFire   + + .      SeeInvis .   f - +0 whip
rCold   x . .      Faith    .   (no shield)
rNeg    . . .      Spirit   .   a - +0 robe
rPois   ∞          Reflect  .   (no helmet)
rElec   .          Harm     .   (no cloak)
rCorr   .          Rampage  .   (no gloves)
Will    .....                   (boots unavailable)
Stlth   ++........              (no amulet)
HPRegen 0.07/turn               (no ring)
MPRegen 0.00/turn               (no ring)

@: flying, studying Shields
A: sickness immunity, fire resistance 2, cold vulnerability 1, float, innate
caster, hp casting, extra vitality 1
a: no special abilities


You were on level 2 of the Dungeon.
You visited 1 branch of the dungeon, and saw 2 of its levels.

You collected 44 gold pieces.

Inventory:

Hand Weapons
 f - a +0 whip (weapon)
Missiles
 c - 32 stones
 h - 16 poisoned darts
 i - 19 bolts
Armour
 a - a +0 robe (worn)
Scrolls
 b - a scroll of immolation
 g - a scroll of identify


   Skills:
 - Level 2.1 Dodging
 - Level 1.5 Stealth
 + Level 3.1 Spellcasting


You couldn't memorise any spells.
You knew the following spells:

 Your Spells              Type           Power      Damage    Failure   Level
a - Foxfire               Conj/Fire      48%        2x1d6     5%          1
b - Scorch                Fire           24%        2d6       8%          2
c - Conjure Flame         Conj/Fire      12%        6-21      16%         3
d - Inner Flame           Hex/Fire       12%        N/A       16%         3
e - Flame Wave            Conj/Fire      12%        2d5       45%         4
Your spell library was empty.

Dungeon Overview and Level Annotations

Branches:
Dungeon (2/15)

Altars:

Annotations:
D:2 Terence


Innate Abilities, Weirdness & Mutations

You are immune to sickness and miasma.
You are immune to poison.
Your flesh is very heat resistant. (rF++)
You are vulnerable to cold. (rC-)
You float through the air rather than walking.
You learn spells naturally, not from books.
Your magical power is your life essence.
You have superior vitality. (+4 MHP)


Message History

Found 10 gold pieces.
There is a stone staircase leading up here.
Terence is nearby!
Terence shouts!
You conjure some foxfire!
You conjure some foxfire!
The foxfire hits Terence but does no damage. x2
Terence hits you with a +0 mace.
You are too injured to fight recklessly!
Casting: Foxfire (safe; 5% risk of failure)
Press: ? - help, Q - select action, (/) - cycle Dir - look around, f - activate You conjure some foxfire!
The foxfire hits Terence but does no damage.
The foxfire hits Terence.
Terence is lightly wounded.
Terence hits you with a +0 mace!
* * * LOW HITPOINT WARNING * * *
The foxfire hits Terence but does no damage.
Terence is lightly wounded.
The foxfire hits Terence.
Terence is moderately wounded.
You aren't carrying any items that you can evoke.
Unknown command.
You aren't carrying any potions.
Unknown command.
As you read the scroll labelled NOMENOUPPO, it crumbles to dust.
The scroll dissolves into smoke.
It was a scroll of fog.
Terence says, "How do you enjoy it?" Terence hits you with a +0 mace.
* * * LOW HITPOINT WARNING * * *
This is a scroll of acquirement!
You see here a manual of Shields.
Something appears before you! Terence closely misses you.
You pick up a manual of Shields and begin studying.
Terence closely misses you.
As you read the scroll labelled DIXZOI YDGHE, it crumbles to dust.
It is a scroll of identify.
b - a scroll of immolation Terence hits you with a +0 mace!
You die...

######
#####....
#......##
#§§§....#
#§§§§...#
#§@@§<$.#
#§§§§..##
######.....
###.# #


You could see Terence.

Vanquished Creatures
  A gnoll (D:1)
  2 ball pythons (D:1)
  2 endoplasms (D:1)
  A hobgoblin (D:1)
  2 rats (D:1)
8 creatures vanquished.

Vanquished Creatures (others)
  39 foxfires
39 creatures vanquished.

Grand Total: 47 creatures vanquished

Notes
Turn   | Place    | Note
-------+----------+-------------------------------------------
     0 | D:1      | bearlyready the Djinni Fire Elementalist began the quest
                  | for the Orb.
     0 | D:1      | Reached XP level 1. HP: 15/15 MP: 0/0
   314 | D:1      | Reached skill level 3 in Spellcasting
   314 | D:1      | Reached XP level 2. HP: 5/21 MP: 0/0
  1336 | D:2      | Noticed Terence
  1344 | D:2      | Identified a scroll of acquirement
  1344 | D:2      | Acquired a manual of Shields
  1346 | D:2      | Mangled by Terence

Illustrated notes

Levels and vault maps discovered:
D:1:      minmay_arrival_three_doors, layout_loops_ring, minmay_tripent
D:2:      layout_loops_cross, chequers_ecumenical_altar_grove, uniq_terence

Skill      XL: |  1 |
---------------+----+-----
Spellcasting   | 3 |  3.1
Dodging        | |  2.1
Stealth        | |  1.5

Action                   || total
-------------------------++-------
Melee: Unarmed           ||     2
       Whip              ||     4
 Cast: Foxfire           ||    23
  Use: Scroll            ||     3
 Stab: Sleeping          ||     1
Dodge: Dodged            ||     8

Table legend: (Time is in decaauts)
 A = Elapsed time spent in this place.
 B = Non-inter-level travel time spent in this place.
 C = Inter-level travel time spent in this place.
 D = Time resting spent in this place.
 E = Time spent auto-exploring this place.
 F = Levels seen in this place.
 G = Mean time per level.
                   A        B        C        D        E       F      G
               +--------+--------+--------+--------+--------+-----+--------+
         Total |   1345 |   1313 |     32 |      0 |   1201 |   2 |  672.5 |
       Dungeon |   1345 |   1313 |     32 |      0 |   1201 |   2 |  672.5 |
               +--------+--------+--------+--------+--------+-----+--------+

Top non-repeatable levels by time:
     D:1: 1335 daAuts
     D:2: 9 daAuts
